AoeStats
← HD_Daniel

African Clearing

505585449Analyzed
4v4 RM · 21d ago on Sep 10, 2026· 22m 55s· 8 players
Game mode
Random Map
Map size
Large (8 player)
Population
200
Speed
Normal
Resources
Standard
Victory
Conquest
Starting age
Dark Age
Ending age
Imperial Age
RankedLock teamsTeams togetherTeam positionsShared explorationLock speedFull tech treeHidden civsTurbo modeCheats
Victory
Defeat
🇲🇽 Tatars · Mexico
1400
+15
🇲🇽 Sicilians · Mexico
1386
+15
🇲🇽 Magyars · Mexico
1362
+16
🇺🇸 Vietnamese · United States
1320
+18
🇳🇿 Berbers · New Zealand
1419
-18
🇲🇽 Vietnamese · Mexico
1381
-17
🇲🇽 Muisca · Mexico
1356
-16
🇨🇳 Cumans · China
1305
-13
OverladenSnake6
2:51 Loom
11:35 Feudal Age
12:24 Double-Bit Axe
15:05 Fletching
15:59 Padded Archer Armor
kirk
12:12 Feudal Age
12:46 Double-Bit Axe
12:47 Horse Collar
15:01 Loom
17:33 Wheelbarrow
21:17 Gold Mining
24:28 Castle Age
JimenezEleven
6:18 Loom
13:27 Feudal Age
17:27 Castle Age
17:12 Horse Collar
19:02 Fletching
JayJayNico
13:27 Feudal Age
17:26 Castle Age
15:15 Loom
22:30 Double-Bit Axe
alexisjcw
4:10 Loom
13:58 Feudal Age
14:45 Town Watch
18:14 Castle Age
16:17 Double-Bit Axe
17:43 Stone Mining
20:47 Gold Mining
21:12 Bow Saw
21:42 Wheelbarrow
HD_Daniel
11:32 Loom
14:28 Feudal Age
18:20 Castle Age
16:24 Double-Bit Axe
17:31 Fletching
19:39 Bodkin Arrow
GEN0S
12:56 Feudal Age
14:28 Double-Bit Axe
16:00 Bloodlines
16:10 Town Watch
17:08 Wheelbarrow
Koatlistak
9:06 Loom
12:55 Feudal Age
13:51 Double-Bit Axe
16:16 Fletching
18:13 Wheelbarrow
Connection lost

Rejoining the realm…

Still unreachable

The connection could not be restored.

Session expired

The server has moved on; the page needs a fresh start.